 Dungeon Crawl Stone Soup version 0.31-a0-889-g1a8549509d (webtiles) character file.

Game seed: 784531005621651259

12525 Ahpoh the Carver (level 11, -41/126 HPs)
             Began as a Demonspawn Gladiator on Oct 16, 2023.
             Was an Elder of Wu Jian.
             Killed from afar by Frances (45 damage)
             ... with an iron shot
             ... on level 12 of the Dungeon.
             The game lasted 01:12:13 (17116 turns).

Ahpoh the Carver (Demonspawn Gladiator)            Turns: 17116, Time: 01:12:14

Health: -41/126    AC: 12    Str: 14    XL:     11   Next: 63%
Magic:  11/11      EV:  9    Int:  9    God:    Wu Jian [****..]
Gold:   223        SH: 13    Dex: 23    Spells: 10/10 levels left

rFire   . . .        a - +0 long sword
rCold   + + .        o - +0 kite shield
rNeg    . . .        q - +0 chain mail
rPois   +            c - +0 helmet
rElec   .            (no cloak)
rCorr   +            B - +0 pair of fencer's gloves {Riposte Dex+3}
SInv    .            (boots unavailable)
Will    .....        t - amulet "Ahiy" {Faith rPois rC+} Stlth
                     O - ring of resist corrosion
HPRegen 0.41/turn    r - ring of flight
MPRegen 0.12/turn

%: faith
@: berserking, flying, studying Shields, very quick
A: hooves 3, slimy green scales 2, demonic guardian 2, cold resistance 1,
deformed body, evolution 1
a: Renounce Religion, Wall Jump, Serpent's Lash


You were on level 12 of the Dungeon.
You worshipped Wu Jian.
Wu Jian was greatly pleased with you.
You visited 2 branches of the dungeon, and saw 13 of its levels.
You also visited: Bailey.

You collected 623 gold pieces.
You spent 400 gold pieces at shops.

Inventory:

Hand Weapons
 a - a +0 long sword (weapon)
 d - a +4 trident of draining
 k - a +0 sling
Missiles
 e - 14 boomerangs
 w - 104 stones
Armour
 c - a +0 helmet (worn)
 o - a +0 kite shield (worn)
 q - a +0 chain mail (worn)
 B - the +0 pair of fencer's gloves (worn) {Riposte Dex+3}
   (You bought it in a shop on level 2 of the Dungeon)

   Riposte:   It allows the wearer to riposte with melee weapons, swiftly
   retaliating against missed or blocked melee attacks.
   Dex+3:     It affects your dexterity (+3).
 P - the +3 pair of mountain boots {steadfast, rC+}
   (You acquired it in a bailey)

   Steadfast: It prevents involuntary movement, except for blinking,
   teleportation, or banishment.
   rC+:       It protects you from cold.
Jewellery
 p - a ring of magical power
 r - a ring of flight (right hand)
 t - the amulet "Ahiy" (around neck) {Faith rPois rC+}
   (You took it off a goblin on level 2 of the Dungeon)

   [amulet of faith]

   Faith:     It allows you to gain divine favour quickly.
   rC+:       It protects you from cold.
   rPois:     It protects you from poison
 v - an amulet of magic regeneration
 J - an amulet of guardian spirit
 L - a ring of magical power
 O - a ring of resist corrosion (left hand)
 Q - an amulet of regeneration
 S - a ring of positive energy
Wands
 x - a wand of polymorph (6)
 C - a wand of flame (5)
 K - a wand of quicksilver (4)
Scrolls
 f - 2 scrolls of silence {unknown}
 g - 3 scrolls of fog
 h - a scroll of noise {unknown}
 j - 2 scrolls of teleportation
 l - a scroll of immolation
 y - 2 scrolls of blinking
 A - 2 scrolls of amnesia {unknown}
 D - 2 scrolls of fear {unknown}
 E - a scroll of identify
 G - a scroll of enchant weapon {unknown}
 I - a scroll of enchant armour {unknown}
 N - a scroll of revelation {unknown}
 U - a scroll of acquirement
Potions
 b - a potion of degeneration
 i - a potion of cancellation
 m - 3 potions of haste
 n - 2 potions of attraction
 s - 2 potions of lignification {unknown}
 u - a potion of ambrosia {unknown}
 z - a potion of resistance {unknown}
 T - a potion of magic


   Skills:
 + Level 7.0 Fighting
 + Level 10.0 Long Blades
 + Level 1.7 Polearms
 + Level 1.3 Ranged Weapons
 + Level 3.8 Throwing
 + Level 7.5 Armour
 + Level 5.4 Dodging
 + Level 3.1 Stealth
 + Level 9.0 Shields
 + Level 1.6 Evocations


You had 10 spell levels left.
You didn't know any spells.
Your spell library contained the following spells:

 Spells                   Type           Power      Damage    Failure   Level
 Freeze                   Ice            0%         1d3       100%        1
 Scorch                   Fire           0%         2d5       100%        2
 Dazzling Flash           Conj/Hex       0%         N/A       100%        3
 Frozen Ramparts          Ice            0%         1d1       100%        3
 Hailstorm                Conj/Ice       0%         3d3       100%        3
 Volatile Blastmotes      Fire/Tloc      0%         2d10      100%        3
 Animate Armour           Summ/Erth      0%         N/A       100%        4
 Flame Wave               Conj/Fire      0%         2d4       100%        4
 Petrify                  Tmut/Erth      0%         N/A       100%        4
 Summon Ice Beast         Ice/Summ       0%         N/A       100%        4
 Borgnjor's Vile Clutch   Necr/Erth      0%         N/A       100%        5
 Metabolic Englaciation   Hex/Ice        0%         N/A       100%        5
 Summon Mana Viper        Hex/Summ       0%         N/A       100%        5
 Simulacrum               Ice/Necr       0%         N/A       100%        6
 Starburst                Conj/Fire      0%         6d3       100%        6
 Summon Cactus Giant      Summ           0%         N/A       100%        6
 Maxwell's Capacitive Co  Air            0%         ∞         100%        8
 Chain Lightning          Conj/Air       0%         N/A       100%        9
 Fire Storm               Conj/Fire      0%         5d1       100%        9
 Shatter                  Erth           0%         3d5*      100%        9


Dungeon Overview and Level Annotations

Branches:
Dungeon (12/15)            Temple (1/1) D:4            Lair (0/5) D:11
 Bailey (visited)
    Orc: D:9-12

Altars:
Ashenzari
Dithmenos
Fedhas
Gozag
Hepliaklqana
Kikubaaqudgha
Makhleb
Nemelex Xobeh
Qazlal
Ru
Sif Muna
Trog
Uskayaw
Vehumet
Wu Jian
Xom
Yredelemnul

Shops:
D:2 *   D:5 *   D:11 *

Annotations:
D:12 Frances


Innate Abilities, Weirdness & Mutations

You have hooves in place of feet.
You are mostly covered in slimy green scales. (AC +3)
A demonic guardian rushes to your aid.
Your flesh is cold resistant. (rC+)
Armour fits poorly on your strangely shaped body.
You have hidden genetic potential.


Message History

Aim: Frances, wielding a +0 scimitar and wearing a +3 chain mail (fast, 72% to hit, chance to blind on hit: 3%)
You throw an atropa-tipped dart.
The atropa-tipped dart barely misses Frances.
The atropa-tipped dart hits the hellwing.
The hellwing appears confused.
The hellwing seems less confused.
Frances chants phrases taken from a devil's mouth.
The shard of ice hits you! You partially resist.
You slash Frances! Your kick misses Frances.
Frances is lightly wounded.
Frances completely misses you.
You riposte.
You hit Frances but do no damage. You kick Frances, but do no damage.
Frances is lightly wounded.
You hit Frances but do no damage. You kick Frances.
Frances is lightly wounded.
Frances whispers indecipherable words.
The iron shot hits you!!
Frances takes a defensive stance.
You block Frances's attack. Frances barely misses you.
Frances growls a series of guttural syllables.
Frances hits you with a +0 scimitar!!
* * * LOW HITPOINT WARNING * * *
You feel better.
Frances chants phrases taken from a devil's mouth.
A red film seems to cover your vision as you go berserk!
You feel yourself moving faster!
You feel mighty!
The hellwing disappears in a puff of smoke!
Frances hits you with a +0 scimitar!!
* * * LOW HITPOINT WARNING * * *
Frances mutters in a terrible tongue.
The shard of ice hits you!! You partially resist.
* * * LOW HITPOINT WARNING * * *
A demonic guardian appears!
Something barely misses your ice devil. x2
You block the chaos spawn's attack.
You slash Frances! You kick Frances, but do no damage.
Frances is moderately wounded.
Frances screams a word of power!
The iron shot hits you!!!
You die...

#.# #..# ..#
######.###########..###..##.
..........>.................
.##################.........
#......... #..######.
#..#...## ######.......#
########### #4@@4..........
.(........###4####........#
#((.4..§.# ##.......#
#.##.##### #.......# #. #.#
#........ #. #.# #######.#
### #. #.# .. ..# #. #.. #.#
#. ##.


You could see Frances (fast, ally target), a rust devil (summoned), a chaos
spawn (summoned) and a friendly ice devil (summoned).

Vanquished Creatures
  A two-headed ogre (D:12)
  An ugly thing (D:11)
  An unseen horror (D:11)
  A komodo dragon (D:11)
  3 trolls
  A hornet (D:9)
  Sigmund (D:8)
  A wraith (D:12)
  A shadow (D:11)
  9 yaks
  2 wyverns (D:11)
  A basilisk (D:11)
  A water moccasin (D:11)
  Menkaure (D:7)
  4 orc warriors
  A sky beast (D:7)
  An ice beast (D:7)
  A black bear (D:7)
  A tengu (D:7)
  2 ogres
  5 centaurs
  A phantom (D:7)
  3 kobold brigands
  A bullfrog (D:9)
  2 scorpions
  3 wights (D:7)
  17 killer bees
  A howler monkey (D:10)
  3 jellies
  2 hounds
  4 orc priests
  12 orc wizards
  A sleepcap (D:8)
  2 iguanas
  Terence (D:3)
  5 gnolls
  8 adders
  2 ufetubi (D:2)
  2 worms
  2 dart slugs (D:3)
  49 orcs
  5 ball pythons
  4 endoplasms
  6 giant cockroaches
  13 goblins
  10 hobgoblins
  9 jackals
  5 quokkas
  7 bats
  5 frilled lizards
  28 kobolds
  8 rats
261 creatures vanquished.

Vanquished Creatures (collateral kills)
  An orc warlord (Bailey)
  A two-headed ogre (D:11)
  An ugly thing (D:12)
  A gargoyle (D:10)
  Jeremiah (D:7)
  6 yaks
  2 water moccasins (D:11)
  Pargi (D:4)
  An orc warrior (D:8)
  2 centaurs
  A gnoll sergeant (D:7)
  A scorpion (D:6)
  A wight (D:7)
  An iguana (D:4)
  9 gnolls
  5 orcs
  4 hobgoblins
39 creatures vanquished.

Grand Total: 300 creatures vanquished

Notes
Turn   | Place    | Note
-------+----------+-------------------------------------------
     0 | D:1      | Ahpoh the Demonspawn Gladiator began the quest for the Orb.
     0 | D:1      | Reached XP level 1. HP: 16/16 MP: 1/1
    97 | D:1      | Gained mutation: You are partially covered in slimy green
                  | scales. (AC +2) [demonic ancestry]
    97 | D:1      | Reached XP level 2. HP: 22/22 MP: 2/2
   253 | D:1      | Reached skill level 3 in Long Blades
   962 | D:2      | Identified the of Zalargh
   978 | D:2      | Gained mutation: You are mostly covered in slimy green
                  | scales. (AC +3) [demonic ancestry]
   978 | D:2      | Reached XP level 3. HP: 17/27 MP: 3/3
  1258 | D:2      | Found a faded altar of an unknown god.
  1527 | D:2      | Found Ogheso's General Store.
  1705 | D:2      | Reached XP level 4. HP: 33/33 MP: 4/4
  1804 | D:2      | Identified the amulet "Ahiy" {Faith rPois rC+}
  2247 | D:3      | Found a sacrificial altar of Ru.
  2253 | D:3      | Noticed Terence
  2351 | D:3      | Killed Terence
  2352 | D:3      | Reached skill level 4 in Long Blades
  2474 | D:3      | Found a shadowy altar of Dithmenos.
  2583 | D:3      | Reached skill level 1 in Shields
  2690 | D:3      | Reached skill level 1 in Armour
  2857 | D:3      | Gained mutation: A weak demonic guardian rushes to your
                  | aid. [demonic ancestry]
  2857 | D:3      | Reached XP level 5. HP: 39/39 MP: 5/5
  3393 | D:4      | Noticed an ogre
  3403 | D:4      | Killed an ogre
  3404 | D:4      | Gained mutation: A demonic guardian rushes to your aid.
                  | [demonic ancestry]
  3404 | D:4      | Reached XP level 6. HP: 43/46 MP: 6/6
  3764 | D:4      | Found a staircase to the Ecumenical Temple.
  3794 | Temple   | Entered the Ecumenical Temple
  3858 | Temple   | Became a worshipper of the Wu Jian Council
  4063 | D:4      | Noticed Pargi
  4683 | D:4      | Killed Pargi
  4684 | D:4      | Reached skill level 5 in Long Blades
  4684 | D:4      | Reached XP level 7. HP: 44/51 MP: 7/7
  4711 | D:5      | Entered Level 5 of the Dungeon
  4845 | D:5      | Reached skill level 1 in Ranged Weapons
  5268 | D:5      | Found Yrukhlus's Overcharged Wands.
  5863 | D:5      | Reached * piety under Wu Jian
  6031 | D:5      | Reached skill level 1 in Stealth
  6133 | D:6      | Reached XP level 8. HP: 58/58 MP: 8/8
  6582 | D:7      | Noticed Menkaure
  6588 | D:7      | Killed Menkaure
  6589 | D:7      | Reached skill level 6 in Long Blades
  6876 | D:7      | Noticed Jeremiah
  7164 | D:7      | Noticed a hornet
  7169 | D:7      | a hornet changed into a tengu
  7191 | D:7      | Killed Jeremiah
  7360 | D:7      | Reached ** piety under Wu Jian
  7361 | D:7      | Gained mutation: You have large cloven feet. [demonic
                  | ancestry]
  7361 | D:7      | Reached XP level 9. HP: 65/65 MP: 9/9
  7588 | D:7      | Reached skill level 1 in Evocations
  8164 | D:7      | Reached skill level 7 in Long Blades
  8953 | D:8      | Found a basalt altar of Yredelemnul.
  9373 | D:8      | Reached *** piety under Wu Jian
  9374 | D:8      | Reached skill level 5 in Shields
  9463 | D:8      | Noticed Sigmund
  9485 | D:8      | Killed Sigmund
  9486 | D:8      | Reached skill level 5 in Fighting
  9655 | D:9      | Reached skill level 5 in Armour
  9676 | D:9      | Noticed a troll
  9699 | D:9      | Killed a troll
  9708 | D:9      | Noticed a molten gargoyle
  9712 | D:9      | Noticed a molten gargoyle
 10015 | D:9      | Reached skill level 8 in Long Blades
 10015 | D:9      | Gained mutation: You have hoof-like feet. [demonic
                  | ancestry]
 10015 | D:9      | Reached XP level 10. HP: 37/74 MP: 10/10
 10053 | D:9      | Found a flagged portal.
 10062 | Bailey   | Entered a bailey
 10172 | Bailey   | Noticed an orc warlord
 10266 | Bailey   | Reached skill level 5 in Dodging
 10266 | Bailey   | Found a runed translucent gate.
 10305 | Bailey   | Found a runed translucent gate.
 10306 | Bailey   | Found a runed translucent gate.
 10358 | Bailey   | Acquired a manual of Shields
 10532 | Bailey   | Reached **** piety under Wu Jian
 11357 | Bailey   | Acquired the +3 pair of mountain boots {steadfast, rC+}
 11357 | Bailey   | Found the +3 pair of mountain boots {steadfast, rC+}
 11371 | Bailey   | Gained mutation: You are clumsy. (Dex -2) [potion of
                  | mutation]
 11461 | Bailey   | Killed an orc warlord
 11462 | Bailey   | Reached skill level 1 in Polearms
 11661 | D:9      | Noticed a molten gargoyle
 11670 | D:9      | Noticed a molten gargoyle
 11976 | D:2      | Bought the +0 pair of fencer's gloves {Riposte Dex+3} for
                  | 400 gold pieces
 11976 | D:2      | Found the +0 pair of fencer's gloves {Riposte Dex+3}
 13333 | D:10     | Entered Level 10 of the Dungeon
 13935 | IceCv    | Identified the of Uvviakuis
 13935 | Gauntlet | Identified the of Geomeess
 14090 | D:10     | Noticed a gargoyle
 14161 | D:10     | Killed a gargoyle
 14162 | D:10     | Reached skill level 9 in Long Blades
 14411 | D:10     | Gained mutation: You have hooves in place of feet. [demonic
                  | ancestry]
 14411 | D:10     | Reached XP level 11. HP: 21/81 MP: 11/11
 14412 | D:10     | Lost mutation: You are clumsy. (Dex -2) [potion of
                  | mutation]
 14412 | D:10     | Gained mutation: You have hidden genetic potential. [potion
                  | of mutation]
 14412 | D:10     | Gained mutation: Armour fits poorly on your strangely
                  | shaped body. [potion of mutation]
 14412 | D:10     | Gained mutation: Your flesh is cold resistant. (rC+)
                  | [potion of mutation]
 15800 | D:11     | Noticed a two-headed ogre
 15979 | D:11     | Found Kab Ysh's General Store.
 16226 | D:11     | Noticed a purple ugly thing
 16238 | D:11     | Killed a purple ugly thing
 16282 | D:11     | Killed a two-headed ogre
 16349 | D:11     | Found a staircase to the Lair.
 16752 | D:12     | Noticed a green ugly thing
 16763 | D:12     | Killed a green ugly thing
 16904 | D:12     | Noticed a two-headed ogre
 16934 | D:12     | Killed a two-headed ogre
 17051 | D:12     | Reached skill level 10 in Long Blades
 17097 | D:12     | Noticed Frances
 17115 | D:12     | HP: 4/126 [Frances/shard of ice (25)]
 17116 | D:12     | Killed from afar by Frances

Illustrated notes

Levels and vault maps discovered:
D:1:      sevenhm_arrival_forest_fort_large_4, layout_basic
D:2:      minmay_spotlight, layout_loops_ring, serial_shops, shop,
          shapermc_ecumenical_altar_mp_urbaneastern, kennysheep_generic_room_2
D:3:      layout_basic, nicolae_ru_path_of_blood,
          nicolae_overflow_hidden_temple, uniq_terence
D:4:      layout_gridville, minmay_temple_entry_statues_fountains, uniq_pargi
D:5:      layout_loops_corners, grunt_ministairs_13,
          nicolae_shop_overcharged_wands
D:6:      layout_cave_pools
D:7:      layout_loops_corners, uniq_jeremiah, uniq_menkaure
D:8:      layout_gridville, kennysheep_little_box, sigmund_army
D:9:      layout_roguey, kennysheep_orc_monster_closet_entryway, enter_bailey_3,
          minivault_8
D:10:     layout_stronghold
D:11:     layout_basic, minmay_lair_entry_grove,
          portal_ice_cave_entry_pillars_1, gauntlet_entry_generic, serial_shops,
          nicolae_shop_tiny_statue_garden
D:12:     layout_loops_ring, uniq_frances, uniq_josephine
Temple:   minmay_crystal_spiral_temple

Skill      XL: |  1  2  3  4  5  6  7  8  9 10 11 |
---------------+----------------------------------+-----
Long Blades    | 3 4 5 6 8 9 10 | 10.0
Dodging        | 3 4 5 |  5.4
Shields        | 1 2 3 4 5 7 9 |  9.0
Armour         | 1 2 3 4 5 6 7 |  7.5
Fighting       | 3 4 5 7 |  7.0
Ranged Weapons | 1 |  1.3
Stealth        | 1 2 3 |  3.1
Throwing       | 3 |  3.8
Evocations     | 1 |  1.6
Polearms       | 1 |  1.7

Action                     |  1- 3 |  4- 6 |  7- 9 | 10-12 || total
---------------------------+-------+-------+-------+-------++-------
  Melee: Long sword        |   109 |   252 |   431 |   415 ||  1207
         Kick              |       |       |    69 |    72 ||   141
         Trident           |       |       |     1 |    39 ||    40
   Fire: Sling             |       |     3 |     7 |     3 ||    13
  Throw: Throwing net      |       |     2 |     2 |       ||     4
         Javelin           |       |     2 |       |       ||     2
         Boomerang         |       |       |    45 |     6 ||    51
         Dart              |       |       |       |    10 ||    10
Ability: Lunge             |       |     2 |     9 |     9 ||    20
         Whirlwind         |       |       |    19 |    32 ||    51
  Evoke: Wand              |       |       |     6 |     3 ||     9
    Use: Scroll            |       |     6 |     1 |    11 ||    18
         Potion            |       |       |     1 |    11 ||    12
   Stab: Sleeping          |     1 |       |       |       ||     1
         Held in net/web   |       |     3 |     1 |       ||     4
         Distracted        |       |       |     3 |     2 ||     5
         Invisible         |       |       |       |     4 ||     4
 Armour: Leather armour    |    42 |       |       |       ||    42
         Ring mail         |    22 |    18 |       |       ||    40
         Scale mail        |       |   176 |   283 |       ||   459
         Chain mail        |       |       |    88 |   417 ||   505
  Dodge: Dodged            |    70 |   115 |   172 |    86 ||   443
  Block: Kite shield       |    14 |   160 |   297 |   268 ||   739
Riposte: Long sword        |       |       |       |    74 ||    74

Table legend: (Time is in decaauts)
 A = Elapsed time spent in this place.
 B = Non-inter-level travel time spent in this place.
 C = Inter-level travel time spent in this place.
 D = Time resting spent in this place.
 E = Time spent auto-exploring this place.
 F = Levels seen in this place.
 G = Mean time per level.
                   A        B        C        D        E       F      G
               +--------+--------+--------+--------+--------+-----+--------+
         Total |  17464 |  16448 |   1016 |   3526 |   7320 |  14 | 1247.4 |
       Dungeon |  15715 |  14767 |    948 |   2653 |   7261 |  12 | 1309.6 |
        Temple |    149 |     82 |     67 |      0 |      0 |   1 |  149.0 |
        Bailey |   1599 |   1599 |      0 |    873 |     59 |   1 | 1599.0 |
               +--------+--------+--------+--------+--------+-----+--------+

Top non-repeatable levels by time:
     D:8: 1981 daAuts
     D:7: 1964 daAuts
    D:10: 1898 daAuts
     D:5: 1815 daAuts
     D:2: 1610 daAuts
  Bailey: 1599 daAuts
    D:11: 1497 daAuts
     D:4: 1250 daAuts
     D:3: 1236 daAuts
     D:1: 978 daAuts
     D:6: 657 daAuts
    D:12: 420 daAuts
     D:9: 404 daAuts
  Temple: 149 daAuts
